% Time on Ice - ANCHORAGE ACES
Lines # - Real PCT - Wanted PCT - Time Play
Normal Forward
1 - 36% - 37% - 17:49
2 - 33% - 33% - 16:26
3 - 19% - 20% - 9:31
4 - 12% - 10% - 5:53
Normal Defense
1 - 36% - 36% - 17:38
2 - 32% - 31% - 15:51
3 - 28% - 23% - 13:55
4 - 5% - 10% - 2:15
PP Forward
1 - 48% - 55% - 3:03
2 - 52% - 45% - 3:20
PP Defense
1 - 43% - 55% - 2:46
2 - 57% - 45% - 3:37
PK Forward
1 - 60% - 55% - 1:11
2 - 40% - 45% - 0:48
PK Defense
1 - 54% - 55% - 1:04
2 - 46% - 45% - 0:55
PK3 Forward
1 - 0% - 55%
2 - 0% - 45%
PK3 Defense
1 - 0% - 55%
2 - 0% - 45%
44 Forward
1 - 56% - 55% - 1:07
2 - 44% - 45% - 0:52
44 Defense
1 - 59% - 55% - 1:10
2 - 41% - 45% - 0:49
Last Minute Offensive  - 0:00
Last Minute Defensive  - 0:00
Total
Forward - 60:00
Defense - 60:00
% Time on Ice - BANFF WOLVES
Lines # - Real PCT - Wanted PCT - Time Play
Normal Forward
1 - 30% - 34% - 15:05
2 - 32% - 34% - 15:58
3 - 25% - 27% - 12:32
4 - 12% - 5% - 6:04
Normal Defense
1 - 37% - 36% - 18:23
2 - 32% - 33% - 15:58
3 - 31% - 31% - 15:18
4 - 0% - 0% - 0:00
PP Forward
1 - 43% - 55% - 0:51
2 - 57% - 45% - 1:08
PP Defense
1 - 43% - 55% - 0:51
2 - 57% - 45% - 1:08
PK Forward
1 - 77% - 55% - 4:55
2 - 23% - 45% - 1:28
PK Defense
1 - 65% - 55% - 4:09
2 - 35% - 45% - 2:14
PK3 Forward
1 - 0% - 55%
2 - 0% - 45%
PK3 Defense
1 - 0% - 55%
2 - 0% - 45%
44 Forward
1 - 49% - 55% - 0:58
2 - 51% - 45% - 1:01
44 Defense
1 - 34% - 55% - 0:40
2 - 66% - 45% - 1:19
Last Minute Offensive  - 0:00
Last Minute Defensive  - 0:00
Total
Forward - 60:00
Defense - 60:00
Play-by-Play 1st period 0:01 of 1st period - Jack Eichel wins face-off versus Connor McDavid in neutral zone. 0:30 of 1st period - Shot by Nikolaj Ehlers. 0:30 of 1st period - Deflect By Nathan MacKinnon. 0:30 of 1st period - Shot Misses the Net. 0:32 of 1st period - Shot by Seth Jones. 0:32 of 1st period - Stopped by Pavel Francouz without a rebound. 0:33 of 1st period - Phillip Danault wins face-off versus Roope Hintz in BANFF WOLVES zone. 0:38 of 1st period - Shot by Chris Kreider. 0:38 of 1st period - Shot Misses the Net. 1:00 of 1st period - Shot by Jakob Silfverberg. 1:00 of 1st period - Shot Blocked by Trevor van Riemsdyk. 1:02 of 1st period - Shot by Jakob Silfverberg. 1:02 of 1st period - Shot Misses the Net. 1:04 of 1st period - Shot by Chris Kreider. 1:04 of 1st period - Deflect By Jakob Silfverberg. 1:04 of 1st period - Shot Misses the Net. 1:06 of 1st period - Shot by Phillip Danault. 1:06 of 1st period - Shot Hit the Post. 1:08 of 1st period - Shot by Chris Kreider. 1:08 of 1st period - Shot Blocked by Jamie Oleksiak. 1:12 of 1st period - Shot by Phillip Danault. 1:12 of 1st period - Stopped by Pavel Francouz without a rebound. 1:13 of 1st period - Curtis Lazar wins face-off versus Joel Kellman in BANFF WOLVES zone. 1:35 of 1st period - Shot by Curtis Lazar. 1:35 of 1st period - Stopped by Pavel Francouz without a rebound. 1:36 of 1st period - Jacob de la Rose wins face-off versus James Neal in BANFF WOLVES zone. 2:10 of 1st period - Shot by James Neal. 2:10 of 1st period - Shot Misses the Net. 2:48 of 1st period - Shot by Brady Tkachuk. 2:48 of 1st period - Shot Misses the Net. 2:50 of 1st period - Shot by Nikita Gusev. 2:50 of 1st period - Deflect By Jack Eichel. 2:50 of 1st period - Stopped by Carey Price without a rebound. 2:51 of 1st period - Joel Kellman wins face-off versus Phillip Danault in ANCHORAGE ACES zone. 3:02 of 1st period - Kevin Labanc is hit by Phillip Danault and loses puck. 4:29 of 1st period - Alex Tuch is hit by Nathan Beaulieu. 4:43 of 1st period - Shot by Jason Zucker. 4:43 of 1st period - Shot Misses the Net. 5:04 of 1st period - Seth Jones is hit by Alex Tuch and loses puck. 5:28 of 1st period - Minor Penalty to Miro Heiskanen for High sticking. 5:29 of 1st period - Phillip Danault wins face-off versus James Neal in BANFF WOLVES zone. 5:50 of 1st period - Shot by Phillip Danault. 5:50 of 1st period - Stopped by Pavel Francouz with a rebound. 5:52 of 1st period - Shot by Phillip Danault. 5:52 of 1st period - Shot Misses the Net. 5:54 of 1st period - Shot by Ben Chiarot. 5:54 of 1st period - Goal by Ben Chiarot - ANCHORAGE ACES : 1 - BANFF WOLVES : 0. 5:55 of 1st period - James Neal wins face-off versus Jacob de la Rose in neutral zone. 5:57 of 1st period - Miro Heiskanen is hit by Shea Weber and loses puck. 6:59 of 1st period - Shot by Jack Eichel. 6:59 of 1st period - Stopped by Carey Price without a rebound. 7:00 of 1st period - Roope Hintz wins face-off versus Curtis Lazar in ANCHORAGE ACES zone. 7:23 of 1st period - Shot by Artturi Lehkonen. 7:23 of 1st period - Stopped by Pavel Francouz without a rebound. 7:24 of 1st period - Connor McDavid wins face-off versus Nikita Gusev in BANFF WOLVES zone. 8:09 of 1st period - Nikolaj Ehlers is hit by Brady Tkachuk and loses puck. 8:30 of 1st period - Shot by Jason Zucker. 8:30 of 1st period - Deflect By Roope Hintz. 8:30 of 1st period - Stopped by Carey Price without a rebound. 8:31 of 1st period - Phillip Danault wins face-off versus Joel Kellman in ANCHORAGE ACES zone. 9:01 of 1st period - Icing by Trevor van Riemsdyk. 9:02 of 1st period - Curtis Lazar wins face-off versus Joel Kellman in BANFF WOLVES zone. 9:02 of 1st period - Curtis Lazar is hit by Jamie Oleksiak. 9:24 of 1st period - Icing by Cal Clutterbuck. 9:25 of 1st period - Roope Hintz wins face-off versus Curtis Lazar in ANCHORAGE ACES zone. 9:32 of 1st period - Shot by Jason Zucker. 9:32 of 1st period - Stopped by Carey Price without a rebound. 9:33 of 1st period - Jack Eichel wins face-off versus Phillip Danault in ANCHORAGE ACES zone. 9:37 of 1st period - Icing by Shea Weber. 9:38 of 1st period - Roope Hintz wins face-off versus Phillip Danault in ANCHORAGE ACES zone. 9:55 of 1st period - Shot by Jakob Silfverberg. 9:55 of 1st period - Deflect By Phillip Danault. 9:55 of 1st period - Stopped by Pavel Francouz without a rebound. 9:56 of 1st period - Jack Eichel wins face-off versus Connor McDavid in BANFF WOLVES zone. 10:05 of 1st period - Shot by Connor McDavid. 10:05 of 1st period - Shot Blocked by Brady Tkachuk. 10:07 of 1st period - Shot by Zachary Werenski. 10:07 of 1st period - Shot Misses the Net. 10:09 of 1st period - Shot by Ben Chiarot. 10:09 of 1st period - Shot Misses the Net. 10:44 of 1st period - Shot by Connor McDavid. 10:44 of 1st period - Shot Misses the Net. 10:54 of 1st period - Shot by Jakob Silfverberg. 10:54 of 1st period - Shot Misses the Net. 10:56 of 1st period - Shot by Shea Weber. 10:56 of 1st period - Shot Hit the Post. 11:00 of 1st period - Shot by Jakob Silfverberg. 11:00 of 1st period - Stopped by Pavel Francouz without a rebound. 11:01 of 1st period - Curtis Lazar wins face-off versus Roope Hintz in BANFF WOLVES zone. 11:04 of 1st period - Shot by Artturi Lehkonen. 11:04 of 1st period - Stopped by Pavel Francouz without a rebound. 11:05 of 1st period - Phillip Danault wins face-off versus Roope Hintz in BANFF WOLVES zone. 11:05 of 1st period - Phillip Danault is hit by Kevin Connauton. 11:10 of 1st period - Jakob Silfverberg is hit by Kevin Connauton and loses puck. 11:17 of 1st period - Minor Penalty to Kevin Connauton for Hooking. 11:17 of 1st period - Minor Penalty to Phillip Danault for Slashing. 11:18 of 1st period - Jack Eichel wins face-off versus Connor McDavid in BANFF WOLVES zone. 11:35 of 1st period - Off-side. 11:36 of 1st period - Connor McDavid wins face-off versus Jason Zucker in neutral zone. 11:53 of 1st period - Shot by Jason Zucker. 11:53 of 1st period - Shot Misses the Net. 11:55 of 1st period - Shot by Jack Eichel. 11:55 of 1st period - Shot Blocked by Connor McDavid. 11:57 of 1st period - Shot by Mathew Dumba. 11:57 of 1st period - Stopped by Carey Price with a rebound. 11:59 of 1st period - Shot by Mathew Dumba. 11:59 of 1st period - Shot Misses the Net. 12:41 of 1st period - Shot by Brady Tkachuk. 12:41 of 1st period - Deflect By Nikita Gusev. 12:41 of 1st period - Shot Misses the Net. 13:03 of 1st period - Shot by Nikolaj Ehlers. 13:03 of 1st period - Shot Misses the Net. 13:58 of 1st period - Shot by Kevin Labanc. 13:58 of 1st period - Shot Blocked by Zachary Werenski. 14:05 of 1st period - Icing by Zachary Werenski. 14:06 of 1st period - Alex Tuch wins face-off versus Phillip Danault in ANCHORAGE ACES zone. 14:06 of 1st period - Jason Zucker is hit by Ben Chiarot and loses puck. 14:13 of 1st period - Shot by Jason Zucker. 14:13 of 1st period - Shot Blocked by Jakob Silfverberg. 14:17 of 1st period - Shot by Alex Tuch. 14:17 of 1st period - Shot Misses the Net. 14:21 of 1st period - Shot by Jason Zucker. 14:21 of 1st period - Stopped by Carey Price without a rebound. 14:22 of 1st period - James Neal wins face-off versus Connor McDavid in ANCHORAGE ACES zone. 14:29 of 1st period - Shot by James Neal. 14:29 of 1st period - Shot Misses the Net. 14:37 of 1st period - James Neal is hit by Nikolaj Ehlers and loses puck. 15:10 of 1st period - Shot by Nathan MacKinnon. 15:10 of 1st period - Stopped by Pavel Francouz with a rebound. 15:36 of 1st period - Shot by Curtis Lazar. 15:36 of 1st period - Shot Misses the Net. 16:07 of 1st period - Chris Kreider is hit by Mathew Dumba and loses puck. 17:14 of 1st period - Icing by Miro Heiskanen. 17:15 of 1st period - Connor McDavid wins face-off versus Roope Hintz in BANFF WOLVES zone. 17:43 of 1st period - Shot by Nathan MacKinnon. 17:43 of 1st period - Shot Misses the Net. 17:51 of 1st period - Shot by Jack Eichel. 17:51 of 1st period - Shot Misses the Net. 18:05 of 1st period - Shot by Cal Clutterbuck. 18:05 of 1st period - Shot Misses the Net. 18:21 of 1st period - Shot by Curtis Lazar. 18:21 of 1st period - Stopped by Pavel Francouz with a rebound. 19:02 of 1st period - Off-side. 19:03 of 1st period - Jacob de la Rose wins face-off versus James Neal in neutral zone. 19:53 of 1st period - Off-side. 19:54 of 1st period - Connor McDavid wins face-off versus Nikita Gusev in neutral zone. Goals for this period are 1 for ANCHORAGE ACES vs 0 for BANFF WOLVES. Shots for this period are 11 for ANCHORAGE ACES vs 6 for BANFF WOLVES. 2nd period 0:01 of 2nd period - Connor McDavid wins face-off versus Jack Eichel in neutral zone. 0:24 of 2nd period - Shot by Connor McDavid. 0:24 of 2nd period - Stopped by Pavel Francouz with a rebound. 0:28 of 2nd period - Shot by Nikolaj Ehlers. 0:28 of 2nd period - Stopped by Pavel Francouz without a rebound. 0:29 of 2nd period - Roope Hintz wins face-off versus Phillip Danault in BANFF WOLVES zone. 0:40 of 2nd period - Shot by Alex Tuch. 0:40 of 2nd period - Stopped by Carey Price without a rebound. 0:41 of 2nd period - Joel Kellman wins face-off versus Curtis Lazar in ANCHORAGE ACES zone. 1:24 of 2nd period - Shot by Artturi Lehkonen. 1:24 of 2nd period - Shot Misses the Net. 1:41 of 2nd period - Off-side. 1:42 of 2nd period - Phillip Danault wins face-off versus Nikita Gusev in neutral zone. 1:45 of 2nd period - Shot by Jakob Silfverberg. 1:45 of 2nd period - Stopped by Pavel Francouz with a rebound. 2:11 of 2nd period - Shot by Chris Kreider. 2:11 of 2nd period - Shot Misses the Net. 2:45 of 2nd period - Icing by Brady Tkachuk. 2:46 of 2nd period - Jack Eichel wins face-off versus Connor McDavid in BANFF WOLVES zone. 2:50 of 2nd period - Brady Tkachuk is hit by Shea Weber. 2:57 of 2nd period - Icing by Seth Jones. 2:58 of 2nd period - Roope Hintz wins face-off versus Connor McDavid in ANCHORAGE ACES zone. 2:58 of 2nd period - Jason Zucker is hit by Seth Jones and loses puck. 3:24 of 2nd period - Roope Hintz is hit by Shea Weber and loses puck. 3:27 of 2nd period - Shot by Jason Zucker. 3:27 of 2nd period - Shot Blocked by Shea Weber. 3:31 of 2nd period - Shot by Roope Hintz. 3:31 of 2nd period - Stopped by Carey Price without a rebound. 3:32 of 2nd period - Kevin Labanc wins face-off versus Jakob Silfverberg in ANCHORAGE ACES zone. 3:42 of 2nd period - Phillip Danault is hit by Mathew Dumba. 3:50 of 2nd period - Shot by Jakob Silfverberg. 3:50 of 2nd period - Deflect By Chris Kreider. 3:50 of 2nd period - Shot Misses the Net. 3:58 of 2nd period - Shot by Jakob Silfverberg. 3:58 of 2nd period - Stopped by Pavel Francouz without a rebound. 3:59 of 2nd period - Curtis Lazar wins face-off versus James Neal in BANFF WOLVES zone. 4:02 of 2nd period - Shot by Artturi Lehkonen. 4:02 of 2nd period - Stopped by Pavel Francouz with a rebound. 4:04 of 2nd period - Shot by Shea Weber. 4:04 of 2nd period - Deflect By Cal Clutterbuck. 4:04 of 2nd period - Shot Blocked by James Neal. 4:22 of 2nd period - Shot by Curtis Lazar. 4:22 of 2nd period - Stopped by Pavel Francouz without a rebound. 4:23 of 2nd period - Connor McDavid wins face-off versus Roope Hintz in BANFF WOLVES zone. 4:23 of 2nd period - Connor McDavid is hit by Jamie Oleksiak. 4:35 of 2nd period - Shot by Jason Zucker. 4:35 of 2nd period - Deflect By Roope Hintz. 4:35 of 2nd period - Stopped by Carey Price without a rebound. 4:36 of 2nd period - Jack Eichel wins face-off versus Phillip Danault in ANCHORAGE ACES zone. 5:09 of 2nd period - Shot by Jakob Silfverberg. 5:09 of 2nd period - Stopped by Pavel Francouz without a rebound. 5:10 of 2nd period - Connor McDavid wins face-off versus Roope Hintz in BANFF WOLVES zone. 5:11 of 2nd period - Shot by Nikolaj Ehlers. 5:11 of 2nd period - Shot Misses the Net. 5:13 of 2nd period - Shot by Carl Gunnarsson. 5:13 of 2nd period - Shot Misses the Net. 5:21 of 2nd period - Shot by Nathan MacKinnon. 5:21 of 2nd period - Shot Blocked by Josh Teves. 5:39 of 2nd period - Shot by Nathan MacKinnon. 5:39 of 2nd period - Shot Misses the Net. 5:41 of 2nd period - Shot by Nathan MacKinnon. 5:41 of 2nd period - Goal by Nathan MacKinnon - ANCHORAGE ACES : 2 - BANFF WOLVES : 0. 5:42 of 2nd period - Phillip Danault wins face-off versus Joel Kellman in neutral zone. 6:05 of 2nd period - Shot by Phillip Danault. 6:05 of 2nd period - Shot Blocked by Joel Kellman. 6:07 of 2nd period - Shot by Seth Jones. 6:07 of 2nd period - Shot Misses the Net. 6:53 of 2nd period - Shot by Connor McDavid. 6:53 of 2nd period - Shot Misses the Net. 6:56 of 2nd period - Icing by Miro Heiskanen. 6:57 of 2nd period - Roope Hintz wins face-off